 Dungeon Crawl Stone Soup version 0.26.0-3-g156281e41b (webtiles) character file.

Game seed: 4398052039485441979

3221 jackrogers the Cleaver (level 9, -13/74 HPs)
             Began as a Minotaur Gladiator on Jan 10, 2021.
             Was a Believer of Makhleb.
             Shot with an arrow by a centaur warrior (28 damage)
             ... on level 8 of the Dungeon.
             The game lasted 00:12:54 (8933 turns).

jackrogers the Cleaver (Minotaur Gladiator)         Turns: 8933, Time: 00:12:55

Health: -13/74     AC: 13    Str: 22    XL:     9   Next: 66%
Magic:  8/8        EV: 13    Int: 11    God:    Makhleb [**....]
Gold:   489        SH:  0    Dex: 12    Spells: 8/8 levels left

rFire    . . .     SeeInvis .   a - +0 war axe
rCold    . . .     Faith    .   (no shield)
rNeg     + + +     Spirit   .   z - +3 ring mail {rC+}
rPois    +         Reflect  .   c - +1 hat
rElec    .         Harm     .   h - +0 cloak
rCorr    .         Rampage  .   x - +0 pair of gloves
Will     +....                  g - +0 pair of boots
Stlth    +.........             (no amulet)
HPRegen  0.22/turn              J - ring of willpower
MPRegen  0.11/turn              m - ring of the Middle {rPois rC- rN+++ Int+6}

@: no status effects
A: retaliatory headbutt, horns 2
a: Renounce Religion, Minor Destruction


You were on level 8 of the Dungeon.
You worshipped Makhleb.
Makhleb was pleased with you.
You visited 1 branch of the dungeon, and saw 8 of its levels.

You collected 489 gold pieces.

Inventory:

Hand Weapons
 a - a +0 war axe (weapon)
 G - a +0 trident
   (You took it off an orc on level 7 of the Dungeon)
 N - a +0 trident
   (You took it off an orc warrior on level 8 of the Dungeon)
Missiles
 d - 3 throwing nets {=f, !d}
 j - 201 stones (quivered)
 A - 7 javelins
 B - 9 silver boomerangs
 C - 4 boomerangs
Armour
 b - a +0 leather armour
 c - a +1 hat (worn)
 e - a +0 ring mail
   (You found it on level 1 of the Dungeon)
 f - a +0 scale mail
   (You found it on level 1 of the Dungeon)
 g - a +0 pair of boots (worn)
   (You found it on level 2 of the Dungeon)
 h - a +0 cloak (worn)
   (You found it on level 1 of the Dungeon)
 s - a +0 chain mail
   (You found it on level 4 of the Dungeon)
 x - a +0 pair of gloves (worn)
   (You found it on level 6 of the Dungeon)
 y - the +4 leather armour "Foum" {rN+ Str+2}
   (You found it on level 6 of the Dungeon)

   It affects your strength (+2).
   It protects you from negative energy.
 z - a +3 ring mail of cold resistance (worn)
   (You took it off an orc priest on level 6 of the Dungeon)
Jewellery
 m - the ring of the Middle (right hand) {rPois rC- rN+++ Int+6}
   (You found it on level 5 of the Dungeon)

   [ring of poison resistance]

   It affects your intelligence (+6).
   It makes you vulnerable to cold.
   It protects you from poison.
   It renders you almost immune to negative energy.
 q - an uncursed ring of flight {+Fly, !d}
   (You found it on level 3 of the Dungeon)
 E - an uncursed ring of resist corrosion
   (You found it on level 7 of the Dungeon)
 J - a ring of willpower (left hand)
   (You found it on level 8 of the Dungeon)
Wands
 t - a wand of random effects (21)
   (You found it on level 4 of the Dungeon)
 w - a wand of digging (3)
   (You found it on level 8 of the Dungeon)
 D - a wand of flame (23)
   (You found it on level 7 of the Dungeon)
 M - a wand of iceblast (10)
   (You found it on level 8 of the Dungeon)
Scrolls
 i - 3 scrolls of remove curse
 o - 3 scrolls of teleportation
 u - 2 scrolls of amnesia
 K - a scroll of enchant weapon {unknown}
 L - a scroll of vulnerability {unknown}
Potions
 k - 4 potions of lignification {!q}
 l - a potion of flight {unknown}
 n - 2 potions of heal wounds
 p - 6 potions of curing
 r - a potion of berserk rage {unknown}
 v - 4 potions of brilliance
 F - a potion of might
 H - a potion of haste {unknown}
 I - a potion of attraction {unknown}


   Skills:
 + Level 5.6 Fighting
 * Level 13.6 Axes
 - Level 2.0 Throwing
 + Level 4.7 Armour
 + Level 5.6 Dodging


You had 8 spell levels left.
You didn't know any spells.
Your spell library contained the following spells:

 Spells                   Type           Power        Failure   Level
 Animate Skeleton         Necr           0%           50%         1
 Pain                     Necr           0%           50%         1
 Shock                    Conj/Air       0%           50%         1
 Swiftness                Air            0%           63%         2
 Confusing Touch          Hex            0%           86%         3
 Gell's Gravitas          Tloc           0%           86%         3
 Static Discharge         Conj/Air       0%           86%         3
 Vampiric Draining        Necr           0%           86%         3
 Airstrike                Air            0%           99%         4
 Animate Dead             Necr           0%           99%         4
 Petrify                  Tmut/Erth      0%           99%         4
 Agony                    Necr           0%           100%        5
 Lightning Bolt           Conj/Air       0%           100%        5
 Metabolic Englaciation   Hex/Ice        0%           100%        5
 Yara's Violent Unravell  Hex/Tmut       0%           100%        5


Dungeon Overview and Level Annotations

Branches:
Dungeon (8/15)             Temple (0/1) D:4
   Lair: D:8-11

Altars:
Dithmenos
Gozag
Hepliaklqana
Kikubaaqudgha
Makhleb
Trog
Uskayaw
Wu Jian
Yredelemnul
Zin
The Shining One

Annotations:
D:2 1 runed translucent door, Crazy Yiuf


Innate Abilities, Weirdness & Mutations

You reflexively headbutt those who attack you in melee.
You have a pair of horns on your head.


Message History

Okay, then.
You completely miss the orc warrior.
The orc warrior hits you with a +0 trident!
* * * LOW HITPOINT WARNING * * *
Spoiler Alert: The orc warrior can hit for high damage!
You slash the orc warrior!
You kill the orc warrior!
Makhleb accepts your kill.
N - a +0 trident;
j - 205 stones (gained 4)
You see here a +0 chain mail.
You start resting.
You see here a +0 chain mail.
A wyvern skeleton comes into view.
A wyvern skeleton is nearby!
You throw a stone.
The stone hits the wyvern skeleton but does no damage.
You throw a stone.
The stone hits the wyvern skeleton but does no damage.
The wyvern skeleton barely misses you. You furiously retaliate!
You headbutt the wyvern skeleton. You hit the wyvern skeleton.
You headbutt the wyvern skeleton. The wyvern skeleton barely misses you.
You hit the wyvern skeleton. You headbutt the wyvern skeleton!
The wyvern skeleton barely misses you. You furiously retaliate!
You headbutt the wyvern skeleton.
Your ring mail prevents you from hitting the wyvern skeleton.
You headbutt the wyvern skeleton. The wyvern skeleton barely misses you.
You furiously retaliate!
You headbutt the wyvern skeleton!
You destroy the wyvern skeleton!
Makhleb accepts your kill.
No target in view!
j - 204 stones (gained 1)
A worker ant comes into view.
You see here a club.
A worker ant is nearby!
A worker ant is nearby!
You throw a stone.
The stone hits the worker ant but does no damage.
You slash the worker ant! Your headbutt misses the worker ant.
The worker ant completely misses you.
You slash the worker ant!
You kill the worker ant!
Makhleb accepts your kill.
No target in view!
No target in view!
You see here a worker ant corpse.
j - 204 stones (gained 1)
You see here a worker ant corpse.
You see here a club.
A jelly comes into view.
The jelly quivers.
Spoiler Alert: The jelly can corrode equipment in melee!
A jelly is nearby!
A jelly is nearby!
A jelly is nearby!
You throw a stone. The stone hits the jelly.
You throw a stone.
The stone hits the jelly but does no damage.
Spoiler Alert: The jelly can corrode equipment in melee!
You throw a stone. The stone hits the jelly.
You throw a stone. The stone hits the jelly.
You hit the jelly.
Your hands burn!
You headbutt the jelly!
You kill the jelly!
Makhleb accepts your kill.
No target in view!
You now have 481 gold pieces (gained 11).
j - 201 stones (gained 1)
j - 202 stones (gained 1)
j - 203 stones (gained 1)
You now have 489 gold pieces (gained 8).
A bullfrog, a jelly, an ugly thing, an orc, 2 centaur warriors, a yaktaur and a tengu warrior come into view.
The bullfrog gives a loud, deep croak!
The centaur warrior shouts!
The jelly quivers.
The centaur warrior shouts!
The yaktaur shouts!
PANIC x9: yaktaur, yaktaur, jelly, purple ugly thing, tengu warrior, centaur warrior x2, centaur warrior x2!
There are monsters nearby!
PANIC x9: yaktaur, yaktaur, jelly, purple ugly thing, tengu warrior, centaur warrior x2, centaur warrior x2!
There are monsters nearby!
PANIC x9: yaktaur, yaktaur, jelly, purple ugly thing, tengu warrior, centaur warrior x2, centaur warrior x2!
You throw a stone.
The stone barely misses the tengu warrior.
The tengu warrior unwields a +0 long sword.
The tengu warrior wields a cursed -3 arbalest.
The tengu warrior shoots a bolt.
The bolt hits you!!
You throw a stone.
The stone hits the tengu warrior but does no damage.
PANIC x9: yaktaur, yaktaur, jelly, purple ugly thing, tengu warrior, centaur warrior x2, centaur warrior x2!
The tengu warrior shoots a bolt.
The bolt hits you!
The centaur warrior wields a +0 longbow.
The centaur warrior shoots an arrow.
The arrow closely misses you.
You see here a bolt.
Danger x5: jelly, purple ugly thing, tengu warrior, centaur warrior, centaur warrior!
The centaur warrior shoots an arrow.
The arrow hits you!
The tengu warrior shoots a bolt.
The bolt hits you!!
* * * LOW HITPOINT WARNING * * *
Things that are here:
a bolt; 2 arrows Danger x4: jelly, tengu warrior, centaur warrior, centaur warrior!
The centaur warrior shoots an arrow.
The arrow hits you!!
You die...

#....##o#[.$#Q##.#.#.......
##....#F##.##.##.#.##.###..
##...##c#J#.##.###.#..#...
.....#.###.##.#.#.##.....
.....##.#.##.##.##.#..#..
......#.#(##.#?..#.##..##
.....##(##.###.###.#(.##
#(##........)##...
#@#.#######.#†#...
##..#..#.#.##.#..#
##.#.#.#..##.##.#
#..#.#.#####.#.. #.##.##.#
###. ##..#.### #. #.#.#.#
## ##..#########.#
###.##......##


You could see a centaur warrior, a bullfrog and a jelly.

Vanquished Creatures
  Pikel (D:3)
  Eustachio (D:4)
  Duvessa (D:4)
  2 sky beasts
  3 orc warriors
  2 ice beasts
  2 ogres
  4 centaurs
  2 lemures (D:3)
  7 bullfrogs
  Dowan (D:4)
  A wyvern skeleton (D:8)
  3 orc priests
  2 hounds (D:4)
  A jelly (D:8)
  8 orc wizards
  6 worker ants
  2 hound skeletons
  Robin (D:2)
  8 adders
  A white imp (D:5)
  3 ufetubi
  2 adder skeletons
  An adder zombie (D:5)
  6 dart slugs
  4 leopard geckos
  33 orcs
  2 bat zombies (D:4)
  2 giant cockroaches
  9 goblins
  13 hobgoblins
  4 jackals (D:1)
  6 kobolds
  7 quokkas
  3 ball pythons
  6 bats
  2 frilled lizards
  A jackal skeleton (D:4)
  A quokka skeleton (D:6)
  5 rats
169 creatures vanquished.

Notes
Turn   | Place    | Note
-------+----------+-------------------------------------------
     0 | D:1      | jackrogers the Minotaur Gladiator began the quest for the
                  | Orb.
     0 | D:1      | Reached XP level 1. HP: 18/18 MP: 0/0
     8 | D:1      | Noticed an elephant
    83 | D:1      | Reached skill level 4 in Axes
    86 | D:1      | Reached XP level 2. HP: 22/25 MP: 1/1
   904 | D:1      | Reached skill level 5 in Axes
  1056 | D:2      | Noticed Robin
  1060 | D:1      | Reached XP level 3. HP: 23/30 MP: 2/2
  1195 | D:2      | Killed Robin
  1369 | D:2      | Reached skill level 6 in Axes
  1369 | D:2      | Reached XP level 4. HP: 37/37 MP: 3/3
  1557 | D:2      | Found a runed translucent door.
  1558 | D:2      | Noticed Crazy Yiuf
  1854 | D:2      | Found an ornate altar of the Wu Jian Council.
  1860 | D:2      | Found a hide-covered altar of Uskayaw.
  1864 | D:2      | Found a shadowy altar of Dithmenos.
  1865 | D:2      | Found a bloodstained altar of Trog.
  2605 | D:3      | Found a burning altar of Makhleb.
  2605 | D:3      | Noticed a blizzard demon
  2608 | D:3      | Noticed a neqoxec
  2608 | D:3      | Noticed a smoke demon
  2610 | D:3      | Became a worshipper of Makhleb the Destroyer
  3351 | D:4      | Reached skill level 7 in Axes
  3351 | D:4      | Reached XP level 5. HP: 41/42 MP: 4/4
  3533 | D:4      | Found a basalt altar of Yredelemnul.
  3569 | D:4      | Found a hazy altar of Hepliaklqana.
  3579 | D:4      | Noticed Duvessa
  3580 | D:4      | Noticed an ogre
  3615 | D:3      | Killed an ogre
  3616 | D:3      | Reached skill level 8 in Axes
  3616 | D:3      | Reached XP level 6. HP: 18/50 MP: 5/5
  3816 | D:4      | Noticed Dowan
  3829 | D:4      | Killed Duvessa
  3830 | D:4      | Reached skill level 9 in Axes
  3850 | D:4      | Killed Dowan
  3982 | D:4      | Noticed Eustachio
  3987 | D:4      | Noticed Pikel
  4108 | D:3      | Killed Pikel
  4109 | D:3      | Reached skill level 11 in Axes
  4109 | D:3      | Reached XP level 7. HP: 23/56 MP: 6/6
  4301 | D:4      | Killed Eustachio
  4302 | D:4      | Reached XP level 8. HP: 58/62 MP: 7/7
  4568 | D:4      | Found an ancient bone altar of Kikubaaqudgha.
  4581 | D:4      | Found a staircase to the Ecumenical Temple.
  4607 | D:4      | You fall into a shaft and drop 1 floor!
  4607 | D:5      | Entered Level 5 of the Dungeon
  4621 | D:5      | Reached skill level 12 in Axes
  5010 | D:5      | Reached * piety under Makhleb
  5059 | D:5      | Reached skill level 1 in Armour
  5208 | D:5      | Reached skill level 3 in Fighting
  5295 | D:5      | Reached skill level 2 in Armour
  5331 | D:5      | Reached skill level 4 in Dodging
  5757 | D:5      | Got a shimmering steel ring
  6272 | D:6      | Reached skill level 4 in Fighting
  6429 | D:6      | Reached skill level 3 in Armour
  6429 | D:6      | Reached XP level 9. HP: 71/71 MP: 8/8
  6461 | D:6      | Found a glowing golden altar of the Shining One.
  6538 | D:6      | Found a glowing silver altar of Zin.
  6727 | D:6      | Reached skill level 13 in Axes
  6883 | D:6      | Got a crude leather armour
  7157 | D:6      | Reached skill level 5 in Dodging
  7268 | D:6      | Identified the +4 leather armour "Foum" {rN+ Str+2} (You
                  | found it on level 6 of the Dungeon)
  7474 | D:7      | Identified the ring of the Middle {rPois rC- rN+++ Int+6}
                  | (You found it on level 5 of the Dungeon)
  7728 | D:7      | Found an opulent altar of Gozag.
  7744 | D:7      | Reached skill level 4 in Armour
  7816 | D:7      | Reached ** piety under Makhleb
  7853 | D:7      | Reached skill level 5 in Fighting
  8565 | D:8      | HP: 17/74 [orc warrior/+0 trident (9)]
  8928 | D:8      | Noticed a centaur warrior
  8928 | D:8      | Noticed a centaur warrior
  8928 | D:8      | Noticed a yaktaur
  8928 | D:8      | Noticed a tengu warrior
  8928 | D:8      | Noticed a purple ugly thing
  8932 | D:8      | HP: 15/74 [tengu warrior/bolt (18)]
  8933 | D:8      | Shot with an arrow by a centaur warrior

Illustrated notes

Levels and vault maps discovered:
D:1:      sevenhm_arrival_forest_fort_small_2, layout_loops_corners,
          corexii_item_surrounded_by_moat
D:2:      layout_loops_cross, minitemple, uniq_crazy_yiuf_cottage, uniq_robin
D:3:      layout_loops_ring, makhleb_altar_promises_db
D:4:      layout_cave_pools, lemuel_round_altar,
          lemuel_zombie_altar_kikubaaqudgha,
          minmay_temple_entry_drinking_statues, serial_park, serial_park_tiny_1,
          serial_park_square2, uniq_pikel, uniq_duvessa, uniq_eustachio
D:5:      layout_loops_ring, grunt_ministairs_3, mrwooster_statue_mirror,
          minivault_26
D:6:      layout_basic, zin_academy, kennysheep_mini, kennysheep_nub
D:7:      layout_loops_cross, nicolae_gozag_seed_capital
D:8:      minmay_the_grid_triangle_9x9_rhombus_thin
          [minmay_the_grid_triangle_9x9_windchime,
          minmay_the_grid_triangle_9x9_prize_top_heavy,
          minmay_the_grid_triangle_9x9_impossible_snake,
          minmay_the_grid_triangle_9x9_corruption], layout_rooms,
          minmay_lair_entry_grove

Skill      XL: |  1  2  3  4  5  6  7  8  9 |
---------------+----------------------------+-----
Axes           | 4 5 6 7 8 11 12 13 | 13.6
Armour         | 3 4 |  4.7
Fighting       | 4 5 |  5.6
Dodging        | 4 5 |  5.6
Throwing       | |  2.0

Action                   |  1- 3 |  4- 6 |  7- 9 || total
-------------------------+-------+-------+-------++-------
Melee: War axe           |    53 |   109 |   228 ||   390
       Headbutt          |     7 |    14 |    58 ||    79
Throw: Stone             |       |    78 |   198 ||   276
  Use: Scroll            |     4 |     8 |     4 ||    16
       Potion            |       |     1 |     1 ||     2
Armor: Leather armour    |    17 |       |       ||    17
       Scale mail        |    11 |    18 |       ||    29
       Chain mail        |       |    17 |    84 ||   101
       Skin              |       |    22 |       ||    22
       Ring mail         |       |       |    11 ||    11
Dodge: Dodged            |    54 |    53 |    91 ||   198

Table legend: (Time is in decaauts)
 A = Elapsed time spent in this place.
 B = Non-inter-level travel time spent in this place.
 C = Inter-level travel time spent in this place.
 D = Time resting spent in this place.
 E = Time spent auto-exploring this place.
 F = Levels seen in this place.
 G = Mean time per level.
                   A        B        C        D        E       F      G
               +--------+--------+--------+--------+--------+-----+--------+
         Total |   8944 |   8123 |    821 |   2101 |   4795 |   8 | 1118.0 |
       Dungeon |   8944 |   8123 |    821 |   2101 |   4795 |   8 | 1118.0 |
               +--------+--------+--------+--------+--------+-----+--------+

Top non-repeatable levels by time:
     D:5: 1384 daAuts
     D:3: 1384 daAuts
     D:6: 1319 daAuts
     D:1: 1283 daAuts
     D:2: 1190 daAuts
     D:4: 1046 daAuts
     D:7: 804 daAuts
     D:8: 531 daAuts

Table legend:
 A = Kills in this place as a percentage of kills in entire the game.
 B = Kills by you in this place as a percentage of kills by you in the entire game.
 C = Kills by friends in this place as a percentage of kills by friends in the entire game.
 D = Other kills in this place as a percentage of other kills in the entire game.
 E = Experience gained in this place as a percentage of experience gained in the entire game.
 F = Experience gained in this place divided by the number of levels of this place that you have seen.
                   A       B       C       D       E      F
               +-------+-------+-------+-------+-------+----------------------
         Total | 100.0 | 100.0 |   N/A |   N/A | 100.0 | 575.2
       Dungeon | 100.0 | 100.0 |   N/A |   N/A | 100.0 | 575.2
               +-------+-------+-------+-------+-------+----------------------
